 Dungeon Crawl Stone Soup version 0.26-a0-649-gf8c6c3aab7 (webtiles) character file.

Game seed: 10260974806554643667

76 knot the Chopper (level 4, 0/35 HPs)
             Began as a Demonspawn Berserker on Sept 26, 2020.
             Was a Believer of Trog.
             Slain by a kobold
             ... wielding a +0 short sword
              (5 damage)
             ... on level 2 of the Dungeon.
             The game lasted 00:01:40 (1420 turns).

knot the Chopper (Demonspawn Berserker)             Turns: 1420, Time: 00:01:41

Health: 0/35       AC:  3    Str: 17    XL:     4   Next: 12%
Magic:  4/4        EV: 12    Int: 10    God:    Trog [**....]
Gold:   38         SH:  0    Dex: 12    Spells: 3/3 levels left

rFire    . . .     SeeInvis .   a - +0 hand axe
rCold    . . .     Faith    .   (no shield)
rNeg     . . .     Spirit   .   b - +0 animal skin
rPois    .         Reflect  .   (helmet restricted)
rElec    .         Harm     .   (no cloak)
rCorr    .         Rampage  .   c - +0 pair of gloves
MR       .....                  (no boots)
Stlth    +.........             (no amulet)
HPRegen  0.11/turn              (no ring)
MPRegen  0.09/turn              (no ring)

@: lethally poisoned (0 -> -3), berserk cooldown, slowed, very slow
A: antennae 1
a: Berserk, Trog's Hand, Renounce Religion


You were on level 2 of the Dungeon.
You worshipped Trog.
Trog was pleased with you.
You visited 1 branch of the dungeon, and saw 2 of its levels.

You collected 38 gold pieces.

Inventory:

Hand Weapons
 a - a +0 hand axe (weapon)
Missiles
 h - 15 poisoned darts (quivered)
Armour
 b - a +0 animal skin (worn)
 c - a +0 pair of gloves (worn)
Jewellery
 i - a cursed amulet of inaccuracy {unknown}
Scrolls
 d - a scroll of fog {unknown}
 e - 3 scrolls of identify {unknown}
 f - a scroll of enchant weapon {unknown}
 k - a scroll of noise {unknown}
Potions
 g - 2 potions of brilliance {unknown}
 j - a potion of ambrosia {unknown}


   Skills:
 - Level 3.0 Fighting
 + Level 4.5 Axes
 - Level 1.7 Armour
 - Level 1.7 Dodging


You had 3 spell levels left.
You didn't know any spells.
Your spell library was empty.

Dungeon Overview and Level Annotations

Branches:
Dungeon (2/15)

Altars:


Innate Abilities, Weirdness & Mutations

You have a pair of small antennae on your head.


Message History

You are too injured to fight recklessly!
You are too injured to fight recklessly!
You are too injured to fight recklessly!
You are too injured to fight recklessly!
You feel sick.
The kobold hits you with a +0 short sword.
You feel sick.
Throwing (i - inventory)
h - 16 poisoned darts (quivered)
Press: ? - help, Shift-Dir - straight line, f - kobold
Aim: a kobold, wielding a +0 short sword You throw a poisoned dart.
The poisoned dart closely misses the kobold.
You feel sick.
The kobold hits you with a +0 short sword.
* * * LOW HITPOINT WARNING * * *
The kobold hits you with a +0 short sword.
* * * LOW HITPOINT WARNING * * *
You fail to use your ability.
The kobold hits you with a +0 short sword.
You die...

.......
#..........#
.......
.#..........#
.......
............#
.....
♣♣♣♣........# ...
♣.......## #.♣♣
♣.......# #))♣
♣♣.......#
##.♣♣♣♣♣...######
#hK@......#
######....#
######


You could see a jackal and a kobold.

Vanquished Creatures
  Terence (D:2)
  2 adders (D:2)
  2 leopard geckos
  A giant cockroach (D:1)
  2 goblins
  A hobgoblin (D:1)
  7 jackals
  4 bats
  A frilled lizard (D:1)
  5 kobolds (D:1)
  4 rats
30 creatures vanquished.

Notes
Turn   | Place    | Note
-------+----------+-------------------------------------------
     0 | D:1      | knot the Demonspawn Berserker began the quest for the Orb.
     0 | D:1      | Reached XP level 1. HP: 18/18 MP: 1/1
   148 | D:1      | Reached skill level 3 in Axes
   473 | D:1      | Gained mutation: You have a pair of small antennae on your
                  | head. [demonic ancestry]
   473 | D:1      | Reached XP level 2. HP: 13/24 MP: 2/2
  1093 | D:2      | Reached XP level 3. HP: 28/29 MP: 3/3
  1396 | D:2      | Noticed Terence
  1405 | D:2      | Killed Terence
  1405 | D:2      | Reached skill level 4 in Axes
  1407 | D:2      | Reached ** piety under Trog
  1414 | D:2      | Reached XP level 4. HP: 28/35 MP: 4/4
  1420 | D:2      | Slain by a kobold

Illustrated notes

Levels and vault maps discovered:
D:1:      ncdulo_wetmaze, layout_rooms, corner_web_ring
D:2:      layout_basic, dancing_weapons_uskayaw, nrook_campfire, uniq_terence,
          uniq_crazy_yiuf_cottage, uniq_natasha

Skill      XL: |  1  2  3 |
---------------+----------+-----
Axes           | 3 4 |  4.5
Fighting       | |  3.0
Armour         | |  1.7
Dodging        | |  1.7

Action                   |  1- 3 |  4- 6 || total
-------------------------+-------+-------++-------
Melee: Hand axe          |    56 |       ||    56
Throw: Dart              |     3 |     1 ||     4
Invok: Berserk           |     3 |       ||     3
 Stab: Sleeping          |     1 |       ||     1
Armor: Animal skin       |    17 |       ||    17
Dodge: Dodged            |    48 |       ||    48

Table legend: (Time is in decaauts)
 A = Elapsed time spent in this place.
 B = Non-inter-level travel time spent in this place.
 C = Inter-level travel time spent in this place.
 D = Time resting spent in this place.
 E = Time spent auto-exploring this place.
 F = Levels seen in this place.
 G = Mean time per level.
                   A        B        C        D        E       F      G
               +--------+--------+--------+--------+--------+-----+--------+
         Total |   1457 |   1429 |     28 |    739 |    527 |   2 |  728.5 |
       Dungeon |   1457 |   1429 |     28 |    739 |    527 |   2 |  728.5 |
               +--------+--------+--------+--------+--------+-----+--------+

Top non-repeatable levels by time:
     D:1: 1402 daAuts
     D:2: 55 daAuts
